 Dungeon Crawl Stone Soup version 0.28-a0-622-gbaef9634d7 (webtiles) character file.

Game seed: 12635529506316011676

72 OfficerJojo the Cutter (level 4, 0/34 HPs)
             Began as a Vampire Gladiator on Oct 7, 2021.
             Was a Plaything of Xom.
             Slain by a black bear (4 damage)
             ... on level 4 of the Dungeon.
             The game lasted 00:05:35 (1752 turns).

OfficerJojo the Cutter (Vampire Gladiator)          Turns: 1752, Time: 00:05:36

Health: 0/34       AC:  4    Str: 14    XL:     4   Next: 6%
Magic:  4/4        EV: 13    Int: 10    God:    Xom [..*...]
Gold:   154        SH:  0    Dex: 15    Spells: 3/3 levels left

rFire   . . .      SeeInvis +   o - +2 dagger (speed)
rCold   . . .      Faith    .   (no shield)
rNeg    . . .      Spirit   .   b - +0 leather armour
rPois   .          Reflect  .   c - +0 helmet
rElec   .          Harm     .   (no cloak)
rCorr   .          Rampage  .   (no gloves)
Will    .....                   (no boots)
Stlth   ++........              (no amulet)
HPRegen 0.31/turn               e - ring of wizardry
MPRegen 0.09/turn               (no ring)

@: healing quickly
A: alive, fangs 3, see invisible, vampiric 2
a: Exsanguinate, Renounce Religion


You were on level 4 of the Dungeon.
You worshipped Xom.
You were a toy of Xom.
You visited 1 branch of the dungeon, and saw 4 of its levels.

You collected 154 gold pieces.

Inventory:

Hand Weapons
 a - a +0 rapier
 h - a +0 great sword
 l - a +1 great mace of draining
 o - a +2 dagger of speed (weapon)
Missiles
 d - 3 throwing nets (quivered)
Armour
 b - a +0 leather armour (worn)
 c - a +0 helmet (worn)
Magical Staves
 i - a staff of conjuration
Jewellery
 e - a ring of wizardry (left hand)
 j - a ring of ice
Scrolls
 f - a scroll of immolation {unknown}
 g - a scroll of blinking {unknown}
 k - a scroll of teleportation {unknown}
 m - 2 scrolls of enchant armour {unknown}
 n - a scroll of magic mapping {unknown}
 p - a scroll of identify {unknown}
 q - a scroll of fear {unknown}


   Skills:
 + Level 2.4 Fighting
 + Level 4.0 Short Blades
 - Level 1.5 Throwing
 + Level 4.0 Dodging
 + Level 2.7 Stealth


You had 3 spell levels left.
You didn't know any spells.
Your spell library contained the following spells:

 Spells                   Type           Power      Damage    Failure   Level
 Passwall                 Tmut/Erth      0%         N/A       28%         2
 Swiftness                Air            0%         N/A       47%         3
 Fulminant Prism          Conj/Hex       0%         3d6       86%         4
 Iskenderun's Mystic Bla  Conj/Tloc      0%         2d3       86%         4
 Lee's Rapid Deconstruct  Erth           0%         3d5*      99%         5
 Invisibility             Hex            0%         N/A       100%        6


Dungeon Overview and Level Annotations

Branches:
Dungeon (4/15)
 Temple: D:4-7

Altars:
Xom


Innate Abilities, Weirdness & Mutations

Your natural rate of healing is accelerated.
You have razor-sharp teeth.
You have supernaturally acute eyesight. (SInv)
You are afflicted with vampirism and can become a bat while bloodless.


Message History

The black bear claws you.
You hit the black bear but do no damage.
The black bear is lightly wounded.
You hit the black bear.
The black bear is lightly wounded.
The black bear barely misses you. The black bear claws you.
The black bear closely misses you.
You barely miss the black bear.
The black bear is lightly wounded.
You hit the black bear.
The black bear is moderately wounded.
The black bear misses you. The black bear claws you. x2
You hit the black bear. Your bite misses the black bear.
The black bear is moderately wounded.
You hit the black bear.
The black bear is heavily wounded.
The black bear bites you. The black bear closely misses you.
The black bear claws you but does no damage.
You hit the black bear.
The black bear is heavily wounded.
You barely miss the black bear. You bite the black bear.
The black bear is severely wounded.
The black bear goes berserk!
Xom thinks this is hilarious!
You hit the black bear.
The black bear is severely wounded.
You hit the black bear. You bite the black bear.
The black bear is almost dead.
The black bear bites you!
The black bear claws you but does no damage.
The black bear claws you.
* * * LOW HITPOINT WARNING * * *
You are too injured to fight recklessly!
The black bear rages.
The black bear misses you. x2; The black bear claws you.
* * * LOW HITPOINT WARNING * * *
Okay, then.
The black bear completely misses you. The black bear claws you.
Keep bloodletting?
You die...

...####...
.........#
.......#
......#
#.....#
####.....#
..##...<...##
............#
....##..@...#
### ##.h...#
#......#
#.........
..####....
..## #### .#
.#


You could see a black bear (berserk).

Vanquished Creatures
  2 adders
  A worm (D:2)
  3 dart slugs
  4 ball pythons
  7 bats
  4 endoplasms
  3 giant cockroaches
  7 hobgoblins
  3 kobolds (D:1)
  2 goblins
  5 rats
41 creatures vanquished.

Notes
Turn   | Place    | Note
-------+----------+-------------------------------------------
     0 | D:1      | OfficerJojo the Vampire Gladiator began the quest for the
                  | Orb.
     0 | D:1      | Reached XP level 1. HP: 16/16 MP: 1/1
    99 | D:1      | Reached skill level 1 in Stealth
   118 | D:1      | Reached XP level 2. HP: 20/22 MP: 2/2
   517 | D:1      | Gained mutation: You are afflicted with vampirism and can
                  | become a bat while bloodless. [Vampire growth]
   517 | D:1      | Reached XP level 3. HP: 27/27 MP: 3/3
  1366 | D:3      | Found a faded altar of an unknown god.
  1391 | D:3      | Became a worshipper of Xom of Chaos
  1451 | D:3      | Reached XP level 4. HP: 34/34 MP: 4/4
  1733 | D:4      | Noticed a black bear
  1752 | D:4      | Slain by a black bear

Illustrated notes

Levels and vault maps discovered:
D:1:      shiori_arrival_maze, layout_rooms, chequers_serial_rivers_micro_d
D:2:      layout_basic
D:3:      layout_loops_cross, chequers_ecumenical_altar_grove
D:4:      layout_layer_cave, mainiacjoe_overflow_six_doors_small,
          nemelex_xobeh_ov_fountains_minmay

Skill      XL: |  1  2  3 |
---------------+----------+-----
Stealth        | 1 2 |  2.7
Fighting       | 2 |  2.4
Short Blades   | 4 |  4.0
Dodging        | 4 |  4.0
Throwing       | |  1.5

Action                   |  1- 3 |  4- 6 || total
-------------------------+-------+-------++-------
Melee: Rapier            |    99 |       ||    99
       Bite              |     7 |     2 ||     9
       Dagger            |     8 |    20 ||    28
 Abil: Exsanguinate      |       |     1 ||     1
 Stab: Sleeping          |     6 |     1 ||     7
Armor: Leather armour    |    29 |     5 ||    34
Dodge: Dodged            |    70 |    15 ||    85

Table legend: (Time is in decaauts)
 A = Elapsed time spent in this place.
 B = Non-inter-level travel time spent in this place.
 C = Inter-level travel time spent in this place.
 D = Time resting spent in this place.
 E = Time spent auto-exploring this place.
 F = Levels seen in this place.
 G = Mean time per level.
                   A        B        C        D        E       F      G
               +--------+--------+--------+--------+--------+-----+--------+
         Total |   1739 |   1655 |     84 |     72 |   1246 |   4 |  434.8 |
       Dungeon |   1739 |   1655 |     84 |     72 |   1246 |   4 |  434.8 |
               +--------+--------+--------+--------+--------+-----+--------+

Top non-repeatable levels by time:
     D:3: 588 daAuts
     D:2: 588 daAuts
     D:1: 550 daAuts
     D:4: 12 daAuts
